 Dungeon Crawl Stone Soup version 0.26.1-2-gb8aa6d0cf2 (webtiles) character file.

Game seed: 8530390853259445543

11214 dohliylev the Severer (level 11, -2/101 HPs)
             Began as a Minotaur Berserker on Mar 24, 2021.
             Was a High Priest of Trog.
             Slain by a two-headed ogre
             ... wielding a +0 giant club
              (8 damage)
             ... on level 2 of the Orcish Mines.
             The game lasted 00:18:43 (10122 turns).

dohliylev the Severer (Minotaur Berserker)         Turns: 10122, Time: 00:18:45

Health: -2/101     AC: 15    Str: 25    XL:     11   Next: 46%
Magic:  10/10      EV: 11    Int:  4    God:    Trog [*****.]
Gold:   799        SH:  0    Dex: 10    Spells: 10/10 levels left

rFire    + . .     SeeInvis .   y - +3 broad axe (vorpal)
rCold    . . .     Faith    .   (no shield)
rNeg     . . .     Spirit   .   u - +2 chain mail {rPois}
rPois    +         Reflect  .   (helmet restricted)
rElec    .         Harm     .   j - scarf {shadows}
rCorr    .         Rampage  .   (no gloves)
Will     .....                  h - +1 pair of boots
Stlth    ..........             (no amulet)
HPRegen  0.26/turn              r - ring of protection from fire
MPRegen  0.12/turn              p - ring of poison resistance

@: marked, berserk cooldown, slowed, very slow
A: retaliatory headbutt, horns 2
a: Renounce Religion, Berserk, Trog's Hand, Brothers in Arms


You were on level 2 of the Orcish Mines.
You worshipped Trog.
Trog was extremely pleased with you.
You visited 2 branches of the dungeon, and saw 11 of its levels.

You collected 799 gold pieces.

Inventory:

Hand Weapons
 x - a +3 antimagic hand axe
 y - a +3 vorpal broad axe (weapon)
Armour
 h - a +1 pair of boots (worn)
 j - a scarf of shadows (worn)
 u - a +2 chain mail of poison resistance (worn)
 z - +0 acid dragon scales
Jewellery
 i - an uncursed ring of fire
 p - a ring of poison resistance (right hand)
 r - a ring of protection from fire (left hand)
Wands
 b - a wand of flame (12)
 c - a wand of iceblast (19)
 w - a wand of disintegration (12)
Scrolls
 d - 6 scrolls of identify
 g - 6 scrolls of teleportation
 n - a scroll of enchant weapon {unknown}
 o - a scroll of enchant armour {unknown}
 q - 5 scrolls of remove curse
 s - a scroll of magic mapping {unknown}
Potions
 a - 4 potions of degeneration {unknown}
 e - a potion of heal wounds {unknown}
 f - 2 potions of might {unknown}
 k - 4 potions of resistance {unknown}
 l - 3 potions of attraction {unknown}
 m - 5 potions of curing {unknown}
 t - 2 potions of lignification {unknown}
 v - a potion of flight {unknown}


   Skills:
 + Level 10.3 Fighting
 + Level 15.5 Axes
 + Level 9.5 Armour
 + Level 6.3 Dodging


You had 10 spell levels left.
You didn't know any spells.
Your spell library was empty.

Dungeon Overview and Level Annotations

Branches:
Dungeon (9/15)             Temple (0/1) D:5            Lair (0/6) D:9
    Orc (2/2) D:9
    Elf: Orc:2

Altars:
Cheibriados
Dithmenos
Fedhas
Trog
Vehumet
Yredelemnul


Innate Abilities, Weirdness & Mutations

You reflexively headbutt those who attack you in melee.
You have a pair of horns on your head.


Message History

The ogre mage points at the ogre mage and mumbles some strange words.
The ogre mage seems to speed up.
You feel a strong urge to attack something.
An orc comes into view. It is wielding a +0 dagger.
You are no longer berserk.
You are exhausted.
You feel yourself slow down.
The orc wizard gestures at you while chanting.
The puff of frost hits you but does no damage.
The ogre mage casts a spell at you. The bolt of cold hits you!!
* * * LOW HITPOINT WARNING * * *
An orc warrior comes into view. It is wielding a +0 war axe.
The ogre mage mumbles some strange words.
The ogre mage blinks!
The ogre mage casts a spell at the two-headed ogre.
The two-headed ogre seems to speed up.
An ogre mage comes into view. It is wielding a +0 halberd.
The two-headed ogre hits you with a +0 giant club!
You die...

..#....#...# ...........#
.. ..... .......#..## ..
..O... .#.....#...#
##..#..oO..ยง# ......###.##
##..#...o....#
.......#######....O.......#
........# ##......OOO..O...
.....#.## #.....#O#........
.....### #...#@#..O[.....
....## #.....O.O).....
.....# ######.............
....## ##.##.#.............
...#####.........).........
#.#.##.....................
##.......##................
#.....#####...#...#.......
....#.## #....##.........


You could see 4 two-headed ogres, 3 ogre magi, an orc warrior, an ogre and an
orc.

Vanquished Creatures
  Harold (D:7)
  3 two-headed ogres (Orc:2)
  The ghost of arta456 the Conjurer, a novice DgCj (D:6)
  2 orc sorcerers
  Joseph (D:9)
  A komodo dragon (D:9)
  2 trolls
  A hornet (D:8)
  2 wyverns (D:9)
  3 yaks (D:9)
  A basilisk (D:9)
  Grum (D:8)
  An acid dragon (D:9)
  2 ice beasts
  6 orc warriors
  5 ogres
  A necrophage (D:8)
  2 phantoms
  4 centaurs
  4 wolves (D:8)
  3 big kobolds
  5 bullfrogs
  A wyvern zombie (D:8)
  A wyvern skeleton (D:6)
  A scorpion (D:9)
  10 killer bees
  A howler monkey (D:5)
  A wight (D:8)
  2 centaur zombies (D:8)
  A centaur skeleton (D:5)
  4 bullfrog zombies
  4 hounds
  15 orc wizards
  8 orc priests
  4 jellies
  2 bullfrog skeletons
  3 iguanas
  5 worker ants
  Natasha (thrice) (D:3)
  2 hound skeletons
  A hound zombie (D:7)
  A mummy (D:8)
  4 gnolls (D:7)
  A howler monkey skeleton (D:4)
  7 adders
  A shadow imp (D:9)
  A white imp (D:6)
  6 ufetubi
  3 adder zombies
  4 worms
  4 dart slugs
  6 leopard geckos
  60 orcs
  8 bats
  2 giant cockroaches (D:1)
  10 goblins
  4 hobgoblins
  16 jackals
  4 quokkas
  5 ball pythons
  A ball python zombie (D:6)
  5 frilled lizards
  16 kobolds
  A quokka skeleton (D:8)
  A quokka zombie (D:8)
  5 rats
297 creatures vanquished.

Vanquished Creatures (others)
  3 withered plants (D:8)
3 creatures vanquished.

Grand Total: 300 creatures vanquished

Notes
Turn   | Place    | Note
-------+----------+-------------------------------------------
     0 | D:1      | dohliylev the Minotaur Berserker began the quest for the
                  | Orb.
     0 | D:1      | Reached XP level 1. HP: 19/19 MP: 0/0
   111 | D:1      | Reached XP level 2. HP: 17/27 MP: 1/1
   114 | D:1      | Reached skill level 4 in Axes
   790 | D:1      | Reached XP level 3. HP: 33/33 MP: 2/2
   794 | D:1      | Reached ** piety under Trog
  1654 | D:2      | Found a shadowy altar of Dithmenos.
  1655 | D:2      | Found a basalt altar of Yredelemnul.
  1798 | D:3      | Reached XP level 4. HP: 25/41 MP: 3/3
  2279 | D:3      | Noticed Natasha
  2285 | D:3      | Killed Natasha
  2286 | D:3      | Reached skill level 5 in Axes
  2458 | D:3      | Noticed Natasha
  2463 | D:3      | Killed Natasha
  2463 | D:3      | Noticed Natasha
  2464 | D:3      | Reached XP level 5. HP: 47/47 MP: 4/4
  2470 | D:3      | Killed Natasha
  2471 | D:3      | Reached skill level 5 in Fighting
  2751 | D:4      | Reached *** piety under Trog
  2752 | D:4      | Reached skill level 6 in Axes
  3069 | D:4      | Reached XP level 6. HP: 28/56 MP: 5/5
  3597 | D:4      | Reached skill level 7 in Axes
  3985 | D:5      | Entered Level 5 of the Dungeon
  4081 | D:5      | Reached XP level 7. HP: 62/62 MP: 6/6
  4250 | D:5      | Reached skill level 8 in Axes
  4358 | D:5      | Found a staircase to the Ecumenical Temple.
  4665 | D:6      | Reached **** piety under Trog
  4873 | D:6      | Reached skill level 9 in Axes
  4873 | D:6      | Reached XP level 8. HP: 68/71 MP: 7/7
  4996 | D:6      | Found a radiant altar of Vehumet.
  5041 | D:6      | Reached skill level 5 in Dodging
  5126 | D:6      | Found a runed translucent door.
  5139 | D:6      | Noticed arta456's ghost (novice DgCj)
  5149 | D:6      | Killed arta456's ghost
  5150 | D:6      | Reached skill level 10 in Axes
  5266 | D:6      | Found a snail-covered altar of Cheibriados.
  5523 | D:7      | Noticed Harold
  5537 | D:7      | Killed Harold
  5538 | D:7      | Reached skill level 11 in Axes
  5538 | D:7      | Reached skill level 5 in Armour
  5538 | D:7      | Reached XP level 9. HP: 79/79 MP: 8/8
  6357 | D:7      | Reached ***** piety under Trog
  6362 | D:7      | Reached skill level 12 in Axes
  6919 | D:8      | Noticed Grum
  6930 | D:8      | Killed Grum
  6935 | D:8      | Reached XP level 10. HP: 64/90 MP: 9/9
  6944 | D:8      | Received a gift from Trog
  7283 | D:8      | Reached skill level 13 in Axes
  7641 | D:8      | Found a bloodstained altar of Trog.
  7910 | D:9      | Found a staircase to the Orcish Mines.
  8296 | D:9      | Found a blossoming altar of Fedhas.
  8368 | D:9      | Received a gift from Trog
  8978 | D:9      | Noticed Joseph
  8986 | D:9      | Killed Joseph
  9133 | D:9      | Reached skill level 14 in Axes
  9371 | D:9      | Found a staircase to the Lair.
  9596 | Orc:1    | Entered Level 1 of the Orcish Mines
  9605 | Orc:1    | Reached XP level 11. HP: 99/99 MP: 10/10
  9810 | Orc:2    | Entered Level 2 of the Orcish Mines
  9847 | Orc:1    | Noticed an orc sorcerer
  9850 | Orc:1    | Killed an orc sorcerer
 10100 | Orc:2    | Noticed an orc sorcerer
 10105 | Orc:2    | Killed an orc sorcerer
 10106 | Orc:2    | Reached skill level 10 in Fighting
 10106 | Orc:2    | Reached skill level 15 in Axes
 10108 | Orc:2    | Noticed a two-headed ogre
 10109 | Orc:2    | Noticed a two-headed ogre
 10109 | Orc:2    | Noticed a two-headed ogre
 10110 | Orc:2    | Noticed a two-headed ogre
 10110 | Orc:2    | Noticed a two-headed ogre
 10111 | Orc:2    | Noticed a two-headed ogre
 10111 | Orc:2    | Noticed a two-headed ogre
 10113 | Orc:2    | Killed a two-headed ogre
 10114 | Orc:2    | Noticed a two-headed ogre
 10114 | Orc:2    | Noticed an ogre mage
 10115 | Orc:2    | Noticed an ogre mage
 10117 | Orc:2    | Killed a two-headed ogre
 10117 | Orc:2    | Killed a two-headed ogre
 10117 | Orc:2    | Noticed an ogre mage
 10117 | Orc:2    | Noticed a two-headed ogre
 10121 | Orc:2    | HP: 5/101 [ogre mage/bolt of cold (23)]
 10122 | Orc:2    | Noticed an ogre mage
 10122 | Orc:2    | Slain by a two-headed ogre

Illustrated notes

Levels and vault maps discovered:
D:1:      eino_arrival_cavern_e, layout_basic
D:2:      layout_loops_ring, gammafunk_temple_overflow_pools
D:3:      layout_basic, kennysheep_generic_room_2, uniq_natasha
D:4:      layout_loops_ring
D:5:      layout_cave_pools, minmay_temple_entry_statues_fountains
D:6:      layout_rooms, nicolae_overflow_crystal_walls,
          lemuel_coloured_pillars_altar, ebering_ghost_reflecting_pool
D:7:      layout_loops_ring, uniq_harold
D:8:      layout_rooms, general_overflow_altar, serial_undead, serial_undead_a,
          serial_undead_b, serial_undead_b, serial_undead_f, serial_undead_e,
          uniq_grum
D:9:      layout_roguey, fedhas_altar_2, erik_lair_dragon, hiddenorc2_lemuel,
          st_stairs_14, minivault_22, uniq_joseph
Orc:1:    layout_caves, nicolae_orc_bridge_out, statue_in_the_mist_lemuel,
          hangedman_minor_magic
Orc:2:    st_orc_ogre_mass, layout_caves

Skill      XL: |  1  2  3  4  5  6  7  8  9 10 11 |
---------------+----------------------------------+-----
Fighting       | 4 5 6 7 8 9 10 | 10.3
Axes           | 4 5 6 7 9 11 12 14 15 | 15.5
Dodging        | 3 4 5 6 |  6.3
Armour         | 3 5 7 8 9 |  9.5

Action                   |  1- 3 |  4- 6 |  7- 9 | 10-12 || total
-------------------------+-------+-------+-------+-------++-------
Melee: Hand axe          |    70 |    13 |       |       ||    83
       Headbutt          |    10 |    14 |    24 |    25 ||    73
       Battleaxe         |       |    71 |   169 |   105 ||   345
       Broad axe         |       |       |       |    86 ||    86
Invok: Berserk           |     2 |     1 |     7 |     6 ||    16
       Trog's Hand       |       |       |       |     3 ||     3
  Use: Scroll            |       |     5 |       |       ||     5
 Stab: Distracted        |       |       |       |     1 ||     1
Armor: Animal skin       |    26 |    10 |       |       ||    36
       Leather armour    |       |    12 |     5 |       ||    17
       Ring mail         |       |       |    25 |       ||    25
       Chain mail        |       |       |    61 |    78 ||   139
       Acid dragon scale |       |       |       |     2 ||     2
Dodge: Dodged            |    58 |    73 |   145 |   112 ||   388
